 Dungeon Crawl Stone Soup version 0.31-a0-1074-g0b22e4e0f1 (webtiles) character file.

Game seed: 2554067717946483887

4154 Xavori the Ducker (level 10, -5/72 HPs)
             Began as a Djinni Chaos Knight on Dec 8, 2023.
             Was a Plaything of Xom.
             Killed from afar by Amaemon (17 damage)
             ... with a bolt of light
             ... on level 8 of the Dungeon.
             The game lasted 00:10:40 (14839 turns).

Xavori the Ducker (Djinni Chaos Knight)            Turns: 14839, Time: 00:10:43

Health: -5/72      AC: 13    Str:  8 (11) XL:     10   Next: 52%
Gold:   1162       EV: 15    Int: 13      God:    Xom [..*...] SH:  0 Dex: 23 (24)

rFire   + + .        a - +0 falchion (chaos)
rCold   x . .        A - +0 buckler
rNeg    . . .        b - +3 leather armour
rPois   ∞            (no helmet)
rElec   .            (no cloak)
rCorr   .            C - +2 pair of gloves
SInv    .            (boots unavailable)
Will    +....        h - amulet of regeneration
Stlth   +            f - +6 ring of dexterity
HPRegen 1.12/turn    i - +4 ring of protection
MPRegen 0.00/turn

%: infuse magic (-6 HP)
@: confused, flying, studying Shapeshifting
A: sickness immunity, fire resistance 2, cold vulnerability 1, float, innate
caster, HP casting, extra vitality 1, claws 1, deterioration 1, sense
surroundings 1, wild magic 2
a: Renounce Religion


You were on level 8 of the Dungeon.
You worshipped Xom.
You were a toy of Xom.
You visited 1 branch of the dungeon, and saw 9 of its levels.

You collected 1561 gold pieces.
You spent 399 gold pieces at shops.

Inventory:

Hand Weapons
 a - a +0 falchion of chaos (weapon)
Armour
 b - a +3 leather armour (worn)
 A - a +0 buckler (worn)
 C - a +2 pair of gloves (worn)
Jewellery
 f - a +6 ring of dexterity (left hand)
 h - an amulet of regeneration (around neck)
 i - a +4 ring of protection (right hand)
 n - an amulet of faith
 x - a ring of resist corrosion
 D - a ring of willpower
 F - the amulet of Dusaohuo {Spirit Will+ Dex+3}
   (You found it on level 6 of the Dungeon)

   [amulet of guardian spirit]

   Spirit:    It causes incoming damage to be divided between your reserves of
   health and magic.
   Dex+3:     It affects your dexterity (+3).
   Will+:     It increases your willpower.
Wands
 v - a wand of light (2)
 E - a wand of roots (10)
 G - a wand of mindburst (7)
Scrolls
 c - a scroll of butterflies
 l - a scroll of enchant weapon
 m - a scroll of fog
 o - 4 scrolls of enchant armour
 p - 2 scrolls of fear
 w - 2 scrolls of teleportation
 y - a scroll of immolation
 H - 3 scrolls of vulnerability
 I - 2 scrolls of brand weapon
 J - a scroll of torment
 K - a scroll of amnesia {unknown}
 M - a scroll of silence
 O - a scroll of blinking
 P - a scroll of revelation
Potions
 d - a potion of berserk rage {unknown}
 e - 2 potions of heal wounds
 g - a potion of enlightenment {unknown}
 q - a potion of magic {unknown}
 r - a potion of might {unknown}
 s - a potion of curing
 t - a potion of resistance {unknown}
 u - 2 potions of mutation
 z - a potion of degeneration {unknown}
 B - a potion of brilliance {unknown}
 L - a potion of cancellation {unknown}


   Skills:
 + Level 6.2 Fighting
 + Level 5.7 Long Blades
 + Level 5.4 Armour
 + Level 6.3 Dodging
 - Level 3.6 Shields
 * Level 5.1 Spellcasting
 * Level 5.1 Conjurations
 * Level 5.1 Hexes
   Level 0.0 Charms
 * Level 5.1 Summonings
 * Level 5.1 Necromancy
 * Level 5.1 Translocations
 * Level 5.1 Transmutations
 * Level 5.1 Fire Magic
 * Level 5.1 Ice Magic
 * Level 5.1 Air Magic
 * Level 5.1 Earth Magic
 * Level 5.1 Poison Magic
 - Level 3.8 Evocations
 + Level 3.1 Shapeshifting


You knew the following spells:

 Your Spells              Type           Power      Damage    Failure   Level
a - Slow                  Hex            100%       N/A       12%         1
b - Searing Ray           Conj           52%        2d6       16%         2
c - Blink                 Tloc           52%        N/A       16%         2
d - Vhi's Electric Charg  Tloc/Air       52%        N/A       61%         4
Your spell library was empty.

Dungeon Overview and Level Annotations

Branches:
Dungeon (9/15)             Temple (0/1) D:6
   Lair: D:8-11         Orc: D:9-12

Altars:
Cheibriados
Dithmenos
Elyvilon
Hepliaklqana
Makhleb
Ru
Trog
Wu Jian
Xom
Yredelemnul

Shops:
D:8 ?

Annotations:
D:8 exclusion: statue, Amaemon


Innate Abilities, Weirdness & Mutations

You are immune to sickness and miasma.
You are immune to poison.
Your flesh is very heat resistant. (rF++)
You are vulnerable to cold. (rC-)
You float through the air rather than walking.
You learn spells naturally, not from books.
Your magical power is your life essence.
You have superior vitality. (+4 MHP)
You have sharp fingernails.
Your body sometimes deteriorates upon taking damage.
You passively map a small area around you.
Your spells are harder to cast, but more powerful.


Message History

Amaemon hits you with a +1 demon whip of venom.
* * * LOW HITPOINT WARNING * * *
Amaemon misses you. x2
You slash Amaemon!
Amaemon is severely wounded.
Amaemon is no longer unusually agile.
Your crimson imp barely misses Amaemon.
Amaemon hits you with a +1 demon whip of venom.
* * * LOW HITPOINT WARNING * * *
Amaemon claws you but does no damage. Amaemon barely misses you.
Your crimson imp hits Amaemon.
You catch the helpless Amaemon completely off-guard!
You slash Amaemon! You burn Amaemon.
Amaemon is almost dead.
Amaemon zaps a wand.
The bolt of light hits you but does no damage.
You are confused.
Your crimson imp hits Amaemon.
Amaemon casts a spell.
It was a potion of mutation.
You feel extremely strange.
You feel a little healthier.
You feel more in control of your magic.
Your magical essence no longer links to wands of the dungeon.
The scorpion stings you.
* * * LOW HITPOINT WARNING * * *
The scorpion barely misses you.
Your crimson imp closely misses Amaemon.
Amaemon gestures wildly while chanting.
Unknown command.
Unknown command.
Unknown command.
Okay, then.
You are too confused!
It was a potion of curing.
You feel better. The scorpion stings you.
* * * LOW HITPOINT WARNING * * *
The scorpion barely misses you. The scorpion stings you.
* * * LOW HITPOINT WARNING * * *
The scorpion stings your crimson imp.
Your crimson imp barely misses Amaemon.
Amaemon zaps a wand.
The bolt of light hits you!
You are confused.
You die...
Xom titters!

#.### #.... #.### #######.###
#.........#
#######################.#####.#.#
#.......................# #.#.#
##.###########s6ss..#########.#.#
#.# #s5@..>..........#.. #.#
#.s.s...<##########. #.#
######.#.......####. #.#
#.####......... #.# #.#
#....##### #.#
##########.####......... #.#
#........(..(#####.#.... #.#
#............## #.#.... #.#
#.............####......


You could see Amaemon (strong, resistant, blind, ally target), 6 scorpions and a
friendly crimson imp (summoned).

Vanquished Creatures
  Pikel (D:5)
  Psyche (D:8)
  Sigmund (D:3)
  A wyvern (D:7)
  A water moccasin (D:7)
  2 orc warriors
  A sky beast (D:7)
  3 black bears
  A black bear (shapeshifter) (D:8)
  2 ogres
  3 centaurs (D:8)
  A lemure (D:5)
  A phantom (D:5)
  6 bullfrogs
  A gnoll sergeant (D:5)
  4 scorpions
  3 killer bees (D:8)
  4 howler monkeys
  2 hounds
  A jelly (D:8)
  3 orc priests
  An iron imp (D:8)
  An orc wizard (D:7)
  4 adders
  9 gnolls
  A shadow imp (D:8)
  3 ufetubi
  2 worms (D:2)
  2 dart slugs
  24 orcs
  12 ball pythons
  4 endoplasms
  2 giant cockroaches
  6 goblins
  5 hobgoblins
  8 jackals
  A quokka (D:2)
  7 bats
  A frilled lizard (D:3)
  9 kobolds
  6 rats
151 creatures vanquished.

Vanquished Creatures (collateral kills)
  The ghost of Pokonic1 the Trooper, a novice DsBe of Trog (D:5)
  A black bear (D:7)
  A howler monkey (D:7)
  An orc priest (D:5)
  4 orcs (D:5)
8 creatures vanquished.

Vanquished Creatures (others)
  2 orc wizards
  A giant cockroach zombie (D:1)
3 creatures vanquished.

Grand Total: 162 creatures vanquished

Notes
Turn   | Place    | Note
-------+----------+-------------------------------------------
     0 | D:1      | Xavori the Djinni Chaos Knight began the quest for the Orb.
     0 | D:1      | Reached XP level 1. HP: 20/20 MP: 0/0
    65 | D:1      | Reached XP level 2. HP: 25/25 MP: 0/0
   126 | D:1      | Found a faded altar of an unknown god.
   320 | D:1      | Reached XP level 3. HP: 30/30 MP: 0/0
   320 | D:1      | Learned a level 1 spell: Slow
   665 | D:1      | XOM: smoke on damage
   815 | D:2      | Reached skill level 1 in Spellcasting
   815 | D:2      | Reached skill level 1 in Conjurations
   815 | D:2      | Reached skill level 1 in Hexes
   815 | D:2      | Reached skill level 1 in Summonings
   815 | D:2      | Reached skill level 1 in Necromancy
   815 | D:2      | Reached skill level 1 in Translocations
   815 | D:2      | Reached skill level 1 in Transmutations
   815 | D:2      | Reached skill level 1 in Fire Magic
   815 | D:2      | Reached skill level 1 in Ice Magic
   815 | D:2      | Reached skill level 1 in Air Magic
   815 | D:2      | Reached skill level 1 in Earth Magic
   815 | D:2      | Reached skill level 1 in Poison Magic
  1085 | D:1      | XOM: cloud trail
  1571 | D:1      | XOM: silly message
  1764 | D:1      | XOM: silly message
  2047 | D:1      | XOM: give mutations
  2047 | D:1      | Gained mutation: Your body sometimes deteriorates upon
                  | taking damage. [Xom's mischief]
  2047 | D:1      | Gained mutation: You occasionally shout uncontrollably at
                  | your foes. [Xom's mischief]
  2047 | D:1      | Gained mutation: You are dopey. (Int -2) [Xom's mischief]
  2694 | D:1      | XOM: silly message
  2736 | D:1      | XOM: give mutations
  2736 | D:1      | Gained mutation: You frequently scream uncontrollably at
                  | your foes. [Xom's mischief]
  2736 | D:1      | Gained mutation: Your body often deteriorates upon taking
                  | damage. [Xom's mischief]
  2948 | D:1      | XOM: noise
  3330 | D:1      | XOM: scenery: create altars
  3534 | D:1      | XOM: summons 2 hostile demons
  3552 | D:2      | XOM: silly message
  3659 | D:2      | XOM: 3-stop teleportation journey
  3699 | D:2      | Reached XP level 4. HP: 35/35 MP: 0/0
  3705 | D:2      | XOM: 10-stop teleportation journey
  4537 | D:1      | XOM: god gift: amulet of faith
  4771 | D:1      | XOM: god gift: 3 scrolls labelled BAIGAY PAHOWO {god gift}
  4810 | D:1      | XOM: cloud trail
  4903 | D:1      | XOM: scenery: create altars
  5226 | D:1      | XOM: give mutation
  5226 | D:1      | Gained mutation: You sometimes lose your temper in combat.
                  | [Xom's mischief]
  5927 | D:1      | XOM: summons 2 hostile shadow creatures
  5981 | D:2      | XOM: give mutations
  5981 | D:2      | Gained mutation: You have sharp fingernails. [Xom's grace]
  5981 | D:2      | Gained mutation: Your spells are a little harder to cast,
                  | but a little more powerful. [Xom's grace]
  6060 | D:2      | XOM: god gift: scroll labelled EGHOX WETI {god gift}
  6287 | D:1      | XOM: 9-stop teleportation journey
  6673 | D:1      | XOM: give mutations
  6673 | D:1      | Gained mutation: Your spells are harder to cast, but more
                  | powerful. [Xom's grace]
  6673 | D:1      | Gained mutation: You have hidden genetic potential. [Xom's
                  | grace]
  7003 | D:1      | XOM: scenery: 1 doors open
  7108 | D:1      | XOM: divination: detect items
  7474 | D:1      | XOM: give mutations
  7474 | D:1      | Gained mutation: You have very sharp teeth. [Xom's grace]
  7474 | D:1      | Lost mutation: You sometimes lose your temper in combat.
                  | [Xom's grace]
  7507 | D:1      | XOM: scenery: 1 doors close
  7789 | D:1      | XOM: scenery: 1 doors open
  8173 | D:1      | XOM: give mutations
  8173 | D:1      | Lost mutation: You are dopey. (Int -2) [Xom's grace]
  8173 | D:1      | Gained mutation: Your spells are much harder to cast, but
                  | much more powerful. [Xom's grace]
  8301 | D:1      | XOM is BORED!
  8301 | D:1      | XOM: summons 2 hostile demons
  8915 | D:1      | XOM: stat loss: -1 Dex (20/21)
  8952 | D:1      | XOM: noise
  9265 | D:1      | XOM: summons 2 hostile demons
  9266 | D:1      | Noticed a chaos spawn
  9378 | D:2      | XOM: summons 3 hostile demons
  9379 | D:2      | Noticed an orange demon
  9428 | D:1      | XOM: give mutation
  9428 | D:1      | Lost mutation: You frequently scream uncontrollably at your
                  | foes. [Xom's mischief]
  9785 | D:3      | XOM: noise
  9790 | D:3      | XOM: 1-stop teleportation journey
  9855 | D:3      | Noticed Sigmund
  9866 | D:3      | XOM: blink monster(s)
  9870 | D:3      | XOM: enchant monster (bad)
  9874 | D:3      | Killed Sigmund
  9875 | D:3      | Reached XP level 5. HP: 38/41 MP: 0/0
  9875 | D:3      | Learned a level 2 spell: Searing Ray
  9875 | D:3      | Reached XP level 6. HP: 44/47 MP: 0/0
  9880 | D:3      | Gained mutation: You are strong-willed. (Will+) [hidden
                  | potential]
  9922 | D:3      | XOM: give mutations
  9922 | D:3      | Gained mutation: You are agile. (Dex +4, Str/Int -1) [Xom's
                  | grace]
  9922 | D:3      | Gained mutation: You passively map a small area around you.
                  | [Xom's grace]
  9957 | D:3      | XOM: scenery: summon butterflies
 10157 | D:3      | Found a basalt altar of Yredelemnul.
 10220 | D:4      | XOM: silly message
 10240 | D:4      | Reached XP level 7. HP: 51/52 MP: 0/0
 10240 | D:4      | Learned a level 2 spell: Blink
 10263 | D:4      | XOM: noise
 10285 | D:4      | Gained mutation: You expend health (3 HP) to strengthen
                  | your wands. [hidden potential]
 10285 | D:4      | Lost mutation: You have hidden genetic potential. [hidden
                  | potential expressed]
 10725 | D:5      | Entered Level 5 of the Dungeon
 10728 | D:5      | Found a burning altar of Makhleb.
 10759 | D:5      | XOM: god gift: 3 stones
 10984 | D:5      | Found a white marble altar of Elyvilon.
 11121 | D:5      | Found a shadowy altar of Dithmenos.
 11208 | D:5      | Found a sacrificial altar of Ru.
 11347 | D:5      | Found a runed translucent gate.
 11347 | D:5      | Found a runed translucent gate.
 11347 | D:5      | Found a runed translucent gate.
 11350 | D:5      | Noticed Pokonic1's ghost (novice DsBe)
 11353 | D:5      | Identified the +5 mace "Grim" {spect, rF+}
 11407 | D:5      | Noticed Pikel
 11416 | D:5      | XOM: divination: magic mapping
 11428 | D:5      | Killed Pikel
 11429 | D:5      | Reached skill level 1 in Shields
 11429 | D:5      | Reached skill level 1 in Evocations
 11429 | D:5      | Reached XP level 8. HP: 30/58 MP: 0/0
 11519 | D:5      | XOM: 1-stop teleportation journey
 11610 | D:5      | XOM: scenery: 3 doors close
 11700 | D:5      | XOM: summons friendly crimson imp
 11719 | D:5      | Killed Pokonic1's ghost
 11857 | D:6      | Reached skill level 5 in Fighting
 11877 | D:6      | Found a hazy altar of Hepliaklqana.
 11889 | D:6      | Found a staircase to the Ecumenical Temple.
 11912 | D:6      | XOM: silly message
 11963 | D:6      | Reached XP level 9. HP: 59/65 MP: 0/0
 11963 | D:6      | Learned a level 4 spell: Vhi's Electric Charge
 12046 | D:6      | Reached skill level 5 in Dodging
 12187 | D:6      | XOM: cleaving
 12198 | D:6      | XOM: chaos upgrade
 12200 | D:6      | XOM: 8-stop teleportation journey
 12307 | D:4      | XOM: give mutation
 12307 | D:4      | Lost mutation: You are strong-willed. (Will+) [Xom's
                  | mischief]
 12465 | D:6      | Identified the amulet of Dusaohuo {Spirit Will+ Dex+3}
 12853 | D:7      | XOM: confusion (+ monsters)
 12854 | D:7      | XOM: polymorph jelly -> scorpion
 12870 | D:7      | XOM: blink monster(s)
 12878 | D:7      | Reached skill level 5 in Long Blades
 12976 | D:7      | Identified 2 scrolls of acquirement
 12977 | D:7      | Acquired a manual of Shapeshifting
 12981 | D:7      | Acquired 1056 gold pieces
 13040 | D:7      | Found a shimmering altar of Xom.
 13118 | D:7      | Found a bloodstained altar of Trog.
 13121 | D:7      | XOM: cast spell 'Summon Ice Beast'
 13188 | D:7      | XOM: silly message
 13196 | D:7      | Reached skill level 1 in Shapeshifting
 13295 | D:7      | XOM: silly message
 13338 | D:7      | Found an ornate altar of the Wu Jian Council.
 13409 | D:7      | Noticed a spectral centipede
 13474 | D:7      | XOM: potion effect (curing)
 13475 | D:7      | Reached XP level 10. HP: 72/72 MP: 0/0
 13498 | D:7      | Reached skill level 5 in Armour
 13676 | D:7      | Identified the +0 leather armour of Recklessness {rElec
                  | Will++ rCorr Dex+4}
 13928 | D:8      | XOM: silly message
 14092 | D:8      | Found a snail-covered altar of Cheibriados.
 14152 | D:8      | XOM: divination: detect items
 14163 | D:8      | XOM: cast spell 'Metabolic Englaciation'
 14165 | D:8      | XOM: stat loss: -1 Str (8/10)
 14171 | D:8      | Reached skill level 5 in Spellcasting
 14171 | D:8      | Reached skill level 5 in Conjurations
 14171 | D:8      | Reached skill level 5 in Hexes
 14171 | D:8      | Reached skill level 5 in Summonings
 14171 | D:8      | Reached skill level 5 in Necromancy
 14171 | D:8      | Reached skill level 5 in Translocations
 14171 | D:8      | Reached skill level 5 in Transmutations
 14171 | D:8      | Reached skill level 5 in Fire Magic
 14171 | D:8      | Reached skill level 5 in Ice Magic
 14171 | D:8      | Reached skill level 5 in Air Magic
 14171 | D:8      | Reached skill level 5 in Earth Magic
 14171 | D:8      | Reached skill level 5 in Poison Magic
 14237 | D:8      | XOM: give mutations
 14237 | D:8      | Lost mutation: You have very sharp teeth. [Xom's mischief]
 14237 | D:8      | Lost mutation: You are agile. (Dex +4, Str/Int -1) [Xom's
                  | mischief]
 14237 | D:8      | Lost mutation: You occasionally shout uncontrollably at
                  | your foes. [Xom's mischief]
 14251 | D:8      | XOM: cleaving
 14254 | D:8      | a tengu changed into a rime drake
 14254 | D:8      | Noticed a rime drake (shapeshifter)
 14262 | D:8      | a rime drake changed into a polar bear
 14263 | D:8      | XOM: summons 1 friendly demon
 14264 | D:8      | XOM: chaos upgrade
 14284 | D:8      | Noticed Psyche
 14289 | D:8      | a human changed into a rime drake
 14289 | D:8      | Noticed a rime drake (shapeshifter)
 14291 | D:8      | XOM: divination: magic mapping
 14291 | D:8      | a rime drake changed into a black bear
 14305 | D:8      | Killed Psyche
 14429 | D:8      | Found Jyunkas's Magic Scroll Shoppe.
 14440 | D:8      | Bought a scroll of blinking for 105 gold pieces
 14440 | D:8      | Bought a scroll of brand weapon for 133 gold pieces
 14440 | D:8      | Bought a scroll of revelation for 105 gold pieces
 14440 | D:8      | Bought a scroll of identify for 28 gold pieces
 14440 | D:8      | Bought a scroll of identify for 28 gold pieces
 14574 | D:8      | XOM: divination: detect items
 14785 | D:9      | Noticed Amaemon
 14785 | D:9      | Noticed an orange demon
 14806 | D:8      | XOM: summons friendly crimson imp
 14807 | D:8      | XOM: enchant monster (bad)
 14838 | D:8      | Lost mutation: Your body often deteriorates upon taking
                  | damage. [potion of mutation]
 14838 | D:8      | Lost mutation: Your spells are much harder to cast, but
                  | much more powerful. [potion of mutation]
 14838 | D:8      | Lost mutation: You expend health (3 HP) to strengthen your
                  | wands. [potion of mutation]
 14839 | D:8      | Killed from afar by Amaemon

Illustrated notes

Levels and vault maps discovered:
D:1:      dpeg_chamrin_arrival_tetris, layout_basic,
          hellmonk_ecumenical_altar_inner_sanctum, nicolae_the_louvre
D:2:      layout_rooms
D:3:      layout_rooms, amcnicky_altar_gilded, general_overflow_altar,
          uniq_sigmund
D:4:      layout_cave_pools
D:5:      layout_gridville, mainiacjoe_overflow_six_doors_small,
          elyvilon_altar_3, grunt_dithmenos_smoke_and_mirrors,
          mainiacjoe_overflow_small_starburst, biasface_ghost_orc_armoury,
          uniq_pikel
D:6:      layout_loops_cross, mainiacjoe_overflow_brackets,
          minmay_temple_entry_statues_fountains, minmay_between
D:7:      layout_basic, trog_ov_bears_minmay,
          mainiacjoe_overflow_concentric_impassable,
          pdpol_wu_jian_five_deadly_venoms
D:8:      layout_basic, slow_altar_1, vehumet_statue, serial_shops, shop,
          uniq_psyche
D:9:      layout_loops_ring, nicolae_gozag_cash_rules_everything_around_me,
          mainiacjoe_overflow_24_doors, fedhas_altar_1, uniq_amaemon

Skill      XL: |  1  2  3  4  5  6  7  8  9 10 |
---------------+-------------------------------+-----
Long Blades    | 3 4 5 |  5.7
Spellcasting   | 1 2 3 4 5 |  5.1
Conjurations   | 1 2 3 4 5 |  5.1
Hexes          | 1 2 3 4 5 |  5.1
Summonings     | 1 2 3 4 5 |  5.1
Necromancy     | 1 2 3 4 5 |  5.1
Translocations | 1 2 3 4 5 |  5.1
Transmutations | 1 2 3 4 5 |  5.1
Fire Magic     | 1 2 3 4 5 |  5.1
Ice Magic      | 1 2 3 4 5 |  5.1
Air Magic      | 1 2 3 4 5 |  5.1
Earth Magic    | 1 2 3 4 5 |  5.1
Poison Magic   | 1 2 3 4 5 |  5.1
Armour         | 2 3 4 5 |  5.4
Dodging        | 3 4 5 6 |  6.3
Fighting       | 4 5 6 |  6.2
Shields        | 1 2 3 |  3.6
Evocations     | 1 2 3 |  3.8
Shapeshifting  | 1 3 |  3.1

Action                     |  1- 3 |  4- 6 |  7- 9 | 10-12 || total
---------------------------+-------+-------+-------+-------++-------
  Melee: Falchion          |    94 |    83 |   244 |   150 ||   571
         Bite              |       |     4 |    37 |     9 ||    50
  Evoke: Wand              |       |       |     2 |     4 ||     6
    Use: Scroll            |       |     5 |     7 |     3 ||    15
         Potion            |       |       |       |     3 ||     3
   Stab: Invisible         |       |       |     2 |     1 ||     3
         Petrifying        |       |       |     1 |       ||     1
         Sleeping          |       |       |     2 |     1 ||     3
         Confused          |       |       |     3 |       ||     3
         Paralysed         |       |       |     1 |     1 ||     2
         Distracted        |       |       |     1 |       ||     1
 Armour: Leather armour    |    72 |    60 |   166 |   109 ||   407
  Dodge: Dodged            |    99 |    77 |   211 |   165 ||   552
  Block: Buckler           |       |       |    91 |    72 ||   163

Table legend: (Time is in decaauts)
 A = Elapsed time spent in this place.
 B = Non-inter-level travel time spent in this place.
 C = Inter-level travel time spent in this place.
 D = Time resting spent in this place.
 E = Time spent auto-exploring this place.
 F = Levels seen in this place.
 G = Mean time per level.
                   A        B        C        D        E       F      G
               +--------+--------+--------+--------+--------+-----+--------+
         Total |  14919 |  14715 |    204 |   8700 |   4624 |   9 | 1657.7 |
       Dungeon |  14919 |  14715 |    204 |   8700 |   4624 |   9 | 1657.7 |
               +--------+--------+--------+--------+--------+-----+--------+

Top non-repeatable levels by time:
     D:1: 8590 daAuts
     D:5: 1238 daAuts
     D:2: 1182 daAuts
     D:7: 1070 daAuts
     D:8: 910 daAuts
     D:6: 805 daAuts
     D:4: 651 daAuts
     D:3: 433 daAuts
     D:9: 36 daAuts
